 Dungeon Crawl Stone Soup version 0.21.1-1-g345015fe64 (webtiles) character file.

119 GreedyOne the Chopper (level 5, -1/41 HPs)
             Began as a Formicid Fighter on June 14, 2018.
             Killed by divine providence
             ... invoked by an orc priest
              (16 damage)
             ... on level 3 of the Dungeon.
             The game lasted 00:07:50 (2309 turns).

GreedyOne the Chopper (Formicid Fighter)            Turns: 2309, Time: 00:07:51

Health: -1/41      AC:  6    Str: 22    XL:     5   Next: 24%
Magic:  5/5        EV:  8    Int:  7    God:
Gold:   127        SH:  9    Dex: 10    Spells: 4/4 levels left

rFire    . . .     SeeInvis +   a - +0 war axe
rCold    . . .     Gourm    .   c - +0 shield
rNeg     . . .     Faith    .   b - +0 scale mail
rPois    .         Spirit   .   (helmet unavailable)
rElec    .         Reflect  .   (no cloak)
rCorr    .         Harm     .   (no gloves)
MR       .....                  (no boots)
Stlth    ..........             (no amulet)
HPRegen  0.13/turn              (no ring)
MPRegen  0.09/turn              (no ring)

@: no status effects
A: permanent stasis, dig shafts and tunnels, four strong arms, antennae 3
a: Dig, Shaft Self


You were on level 3 of the Dungeon.
You were not hungry.

You visited 1 branch of the dungeon, and saw 3 of its levels.

You collected 127 gold pieces.

Inventory:

Hand Weapons
 a - a +0 war axe (weapon)
Armour
 b - a +0 scale mail (worn)
 c - a +0 shield (worn)
Jewellery
 p - an uncursed ring of see invisible {unknown}
Scrolls
 e - 2 scrolls of identify {unknown}
 g - 2 scrolls of immolation {unknown}
 i - a scroll of random uselessness {unknown}
 j - a scroll of fear {unknown}
 m - a scroll of enchant weapon {unknown}
 o - a scroll of teleportation {unknown}
 r - a scroll of fog {unknown}
 t - 2 scrolls of magic mapping {unknown}
Potions
 d - 2 potions of might
 h - a potion of heal wounds {unknown}
 k - a potion of ambrosia {unknown}
 n - a potion of degeneration {unknown}
 q - 2 potions of curing {unknown}
 s - a potion of lignification {unknown}
Books
 l - a book of Misfortune

   Spells                             Type                      Level
   a - Confusing Touch                Hexes                        1
   b - Confuse                        Hexes                        3
   c - Gell's Gravitas                Translocation                3
   d - Petrify                        Transmutation/Earth          4
   e - Metabolic Englaciation         Hexes/Ice                    5
   f - Yara's Violent Unravelling     Hexes/Transmutation          5
Comestibles
 f - 3 rations


   Skills:
 - Level 3.2 Fighting
 + Level 5.0 Axes
 - Level 3.2 Armour
 + Level 3.6 Shields


You had 4 spell levels left.
You didn't know any spells.

Dungeon Overview and Level Annotations

Branches:
Dungeon (3/15)

Altars:
Cheibriados
Elyvilon
Wu Jian


Innate Abilities, Weirdness & Mutations

You cannot be hasted, slowed, berserked, paralysed or teleported.
You can dig through walls and to a lower floor.
Your four strong arms can wield two-handed weapons with a shield.
You have a pair of large antennae on your head. (SInv)


Message History

Magic restored.
You start resting.
HP restored.
You climb downwards.
There is a stone staircase leading up here.
You block the orc priest's attack.
You closely miss the orc priest.
The orc priest invokes the aid of Beogh against you.
Beogh smites you!
You closely miss the orc priest. You block the orc priest's attack.
You block the ooze's attack.
Your shield and scale mail prevent you from hitting the orc priest.
You barely miss the ooze. You block the orc priest's attack.
The ooze barely misses you.
The orc priest mumbles some strange prayers to Beogh against you.
Beogh smites you!
You closely miss the orc priest. You hit the ooze. The ooze hits you.
The orc priest calls down the wrath of Beogh upon you.
Beogh smites you!
You die... .............. #.. ......... .... ..# ......... ... .. oo.......

.J#.# .Jg.....>
o.. ......... #(#
###. .....##..
##.#####.....
######
##.(##.....#
#...o@<###..#.
#...J[.†......
......#########..
...... .......
....... .......
####


You could see an orc priest and an ooze.

Vanquished Creatures
  A jelly (D:2)
  An orc wizard (D:3)
  An adder (D:2)
  An ooze (D:1)
  3 dart slugs
  A leopard gecko (D:2)
  3 orcs (D:2)
  6 bats
  3 goblins
  5 hobgoblins
  4 jackals (D:1)
  A quokka (D:2)
  A ball python (D:1)
  A frilled lizard (D:1)
  5 kobolds
  6 rats
43 creatures vanquished.

Notes
Turn   | Place    | Note
-------+----------+-------------------------------------------
     0 | D:1      | GreedyOne the Formicid Fighter began the quest for the Orb.
     0 | D:1      | Reached XP level 1. HP: 18/18 MP: 1/1
   203 | D:1      | Reached XP level 2. HP: 3/24 MP: 2/2
   510 | D:1      | Reached skill level 3 in Axes
   609 | D:1      | Reached XP level 3. HP: 29/29 MP: 3/3
   899 | D:2      | Found a snail-covered altar of Cheibriados.
   948 | D:2      | Found a white marble altar of Elyvilon.
  1257 | D:2      | Found an ornate altar of the Wu Jian Council.
  1259 | D:2      | Reached skill level 4 in Axes
  1259 | D:2      | Reached XP level 4. HP: 32/35 MP: 4/4
  2134 | D:3      | Reached skill level 5 in Axes
  2134 | D:3      | Reached XP level 5. HP: 18/41 MP: 3/5
  2309 | D:3      | Killed from afar by an orc priest

Skill      XL: |  1  2  3  4 |
---------------+-------------+-----
Axes           | 3 4 5 |  5.0
Fighting       | |  3.2
Armour         | |  3.2
Shields        | |  3.6

Action                   |  1- 3 |  4- 6 || total
-------------------------+-------+-------++-------
Melee: War axe           |   120 |    52 ||   172
  Eat: Chunk             |       |     2 ||     2
       Ration            |       |     1 ||     1
Armor: Scale mail        |    61 |    17 ||    78
Dodge: Dodged            |    48 |    22 ||    70
Block: Shield            |    67 |    33 ||   100
